 Dungeon Crawl Stone Soup version 0.30-a0-585-g93115170b9 (webtiles) character file.

Game seed: 17816886479539104330

1432 cforsyth the Ruffian (level 8, -1/71 HPs)
             Began as a Ghoul Monk on Jan 2, 2023.
             Was a Believer of Okawaru.
             Slain by a killer bee (4 damage)
             ... on level 6 of the Dungeon.
             The game lasted 00:11:51 (6056 turns).

cforsyth the Ruffian (Ghoul Monk)                   Turns: 6056, Time: 00:11:52

Health: -1/71      AC:  9    Str: 16 (17) XL:     8   Next: 73%
Magic:  7/7        EV:  5    Int:  2 (5)  God:    Okawaru [**....]
Gold:   294        SH: 13    Dex:  9 (11) Spells: 7/7 levels left

rFire   . . .      SeeInvis .      - Unarmed
rCold   + . .      Faith    .    c - +0 kite shield
rNeg    + + +      Spirit   .    o - +0 chain mail
rPois   ∞          Reflect  +    (no helmet)
rElec   .          Harm     .    (no cloak)
rCorr   .          Rampage  .    (no gloves)
Will    .....                    (no boots) Stlth
                                 n - amulet of reflection
HPRegen 0.00/turn                (no ring)
MPRegen 0.10/turn                (no ring)

@: about to teleport, inhibited regen
A: claws 1, cold resistance 1, negative energy resistance 3, inhibited
regeneration, torment resistance 2, devour on kill
a: Renounce Religion, Heroism


You were on level 6 of the Dungeon.
You worshipped Okawaru.
Okawaru was pleased with you.
You visited 2 branches of the dungeon, and saw 7 of its levels.

You collected 316 gold pieces.
You spent 22 gold pieces at shops.

Inventory:

Armour
 a - a +0 robe
 c - a +0 kite shield (worn)
 o - a +0 chain mail (worn)
Jewellery
 n - an amulet of reflection (around neck)
 p - an amulet of guardian spirit
 y - a ring of protection from cold
 z - the ring "Gycahu" {rC+++ Int+6 Dex+3}
   (You found it on level 6 of the Dungeon)

   [ring of intelligence]

   Int:       It affects your intelligence (+6).
   Dex:       It affects your dexterity (+3).
   rC:        It renders you almost immune to cold.
Wands
 j - a wand of acid (7)
 s - a wand of iceblast (5)
Scrolls
 b - a scroll of vulnerability {unknown}
 d - 2 scrolls of teleportation
 e - 3 scrolls of blinking {unknown}
 f - a scroll of identify
 h - a scroll of fog {unknown}
 k - a scroll of acquirement {unknown}
 t - 3 scrolls of summoning {unknown}
 u - a scroll of amnesia {unknown}
 v - 3 scrolls of magic mapping {unknown}
 x - a scroll of brand weapon {unknown}
Potions
 g - a potion of curing
 m - a potion of magic {unknown}
 q - a potion of degeneration
 r - a potion of resistance {unknown}
 w - a potion of flight {unknown}


   Skills:
 + Level 6.8 Fighting
 + Level 3.8 Armour
 - Level 2.6 Dodging
 - Level 2.1 Stealth
 + Level 4.7 Shields
 + Level 6.9 Unarmed Combat


You had 7 spell levels left.
You didn't know any spells.
Your spell library contained the following spells:

 Spells                   Type           Power      Damage    Failure   Level
 Apportation              Tloc           0%         N/A       100%        1
 Freeze                   Ice            0%         1d3       100%        1
 Necrotise                Necr           0%         1d4       100%        1
 Frozen Ramparts          Ice            0%         1d1       100%        3
 Hailstorm                Conj/Ice       0%         3d3       100%        3
 Summon Small Mammal      Summ           Unusable   N/A       N/A         1

Dungeon Overview and Level Annotations

Branches:
Dungeon (6/15)             Temple (1/1) D:6

Altars:
Cheibriados
Makhleb
Nemelex Xobeh
Okawaru
Ru
Sif Muna
Uskayaw
Vehumet
Yredelemnul

Shops:
D:1 ?

Annotations:
D:3 2 transporters, lunkers's ghost, amateur MeWr
D:5 1 runed translucent door, Heh's ghost, novice OpHW
D:6 Edmund


Innate Abilities, Weirdness & Mutations

You are immune to poison.
You have sharp fingernails.
Your flesh is cold resistant. (rC+)
You are immune to negative energy. (rN+++)
You do not regenerate when monsters are visible.
You are immune to unholy pain and torment.
You thrive by killing the living.


Message History

You feel less invigorated.
You feel less confused.
The killer bee stings you but does no damage. x2
You fail to use your ability.
You block the killer bee's attack. The killer bee stings you.
You barely miss the killer bee. You block the killer bee's attack.
The killer bee stings you.
You closely miss the killer bee. The killer bee stings you.
* * * LOW HITPOINT WARNING * * *
The killer bee stings you.
* * * LOW HITPOINT WARNING * * *
You miss the killer bee. The killer bee stings you.
* * * LOW HITPOINT WARNING * * *
You block the killer bee's attack.
Unknown command.
You barely miss the killer bee. You block the killer bee's attack. x2
You miss the killer bee. You block the killer bee's attack.
The killer bee stings you but does no damage.
You claw the killer bee!
The killer bee is heavily wounded.
The killer bee barely misses you.
The killer bee stings you but does no damage.
You scratch the killer bee.
The killer bee is severely wounded.
You block the killer bee's attack. The killer bee closely misses you.
You closely miss the killer bee.
The killer bee is severely wounded.
You block the killer bee's attack. x2
You barely miss the killer bee.
The killer bee is severely wounded.
You block the killer bee's attack. The killer bee stings you.
* * * LOW HITPOINT WARNING * * *
You scratch the killer bee.
The killer bee is almost dead.
You block the killer bee's attack. The killer bee stings you.
* * * LOW HITPOINT WARNING * * *
Unknown command.
As you read the scroll of teleportation, it crumbles to dust.
You feel strangely unstable. The killer bee stings you.
You die...

.............#............
....#.....................
#.>.......##+#+#........
..###.#...........#....####
..................#....#
.......#....o........###
.......+...ooy.......#
.>.....##+##y###.....#
....... #@# ....... .......
#....#.#...... .......
######......... .....).


You could see 2 killer bees and 3 orcs.

Vanquished Creatures
  Grinder (D:4)
  Sigmund (D:5)
  Eustachio (D:6)
  An ice beast (D:5)
  A sky beast (D:6)
  An ogre (D:4)
  3 phantoms
  2 jellies (D:4)
  3 hounds (D:4)
  An iguana (D:5)
  Natasha (thrice) (D:3)
  Robin (D:3)
  A gnoll (D:1)
  6 adders
  A shadow imp (D:5)
  2 worms (D:5)
  3 dart slugs
  7 orcs
  7 ball pythons
  10 bats
  11 endoplasms
  2 giant cockroaches
  13 goblins
  9 hobgoblins
  2 jackals (D:1)
  2 quokkas (D:4)
  7 frilled lizards
  2 kobolds
  6 rats
110 creatures vanquished.

Notes
Turn   | Place    | Note
-------+----------+-------------------------------------------
     0 | D:1      | cforsyth the Ghoul Monk began the quest for the Orb.
     0 | D:1      | Reached XP level 1. HP: 19/19 MP: 0/0
   126 | D:1      | Found Xinaqeos's Magic Scroll Shoppe.
   133 | D:1      | Bought a scroll of identify for 22 gold pieces
   370 | D:1      | Reached XP level 2. HP: 26/26 MP: 1/1
   403 | D:1      | Reached skill level 1 in Shields
   501 | D:1      | Reached XP level 3. HP: 33/33 MP: 2/2
  1773 | D:3      | Reached XP level 4. HP: 35/40 MP: 3/3
  1904 | D:3      | Noticed Natasha
  1910 | D:3      | Killed Natasha
  1911 | D:3      | Found a transporter.
  1914 | D:3      | Found a transporter.
  1915 | D:3      | Noticed lunkers's ghost (amateur MeWr)
  2123 | D:3      | Noticed Natasha
  2129 | D:3      | Killed Natasha
  2130 | D:3      | Reached XP level 5. HP: 39/47 MP: 4/4
  2231 | D:3      | Noticed Robin
  2231 | D:3      | Noticed Natasha
  2537 | D:3      | Killed Robin
  2720 | D:3      | Killed Natasha
  3092 | D:4      | Reached XP level 6. HP: 55/55 MP: 5/5
  3202 | D:4      | Reached skill level 5 in Fighting
  3202 | D:4      | Reached skill level 1 in Armour
  3202 | D:4      | Reached skill level 5 in Unarmed Combat
  3679 | D:4      | Reached XP level 7. HP: 51/61 MP: 6/6
  3735 | D:5      | Entered Level 5 of the Dungeon
  3849 | D:5      | Noticed Grinder
  4148 | D:5      | Noticed Sigmund
  4153 | D:5      | Paralysed by Grinder for 4 turns
  4378 | D:5      | Paralysed by Grinder for 4 turns
  4396 | D:4      | Killed Grinder
  4545 | D:4      | Reached XP level 8. HP: 56/70 MP: 7/7
  4704 | D:5      | Killed Sigmund
  4776 | D:5      | Noticed a komodo dragon
  5185 | D:5      | Found a runed translucent door.
  5192 | D:5      | Noticed Heh's ghost (novice OpHW)
  5271 | D:6      | Noticed Eustachio
  5533 | D:6      | Killed Eustachio
  5758 | D:6      | Found a staircase to the Ecumenical Temple.
  5782 | Temple   | Entered the Ecumenical Temple
  5974 | Temple   | Became a worshipper of Warmaster Okawaru
  5974 | Temple   | Reached * piety under Okawaru
  5974 | Temple   | Reached ** piety under Okawaru
  6018 | D:6      | Identified the ring "Gycahu" {rC+++ Int+6 Dex+3}
  6020 | D:6      | Noticed Edmund
  6038 | D:6      | HP: 3/71 [killer bee (7)]
  6043 | D:6      | HP: 3/71 [killer bee (3)]
  6055 | D:6      | HP: 3/71 [killer bee (5)]
  6056 | D:6      | Slain by a killer bee

Illustrated notes

Levels and vault maps discovered:
D:1:      dpeg_arrival_rooms_with_view, layout_loops_ring, serial_shops,
          shop_fountains, serial_bayou_lagoon_a, nicolae_kite_square_tiling_tiny
D:2:      layout_basic, kennysheep_generic_room_3
D:3:      layout_loops_ring, gammafunk_ghost_arena,
          chequers_serial_rivers_large_b, uniq_robin, uniq_natasha
D:4:      layout_basic
D:5:      layout_cave_pools, ebering_ghost_reflecting_pool, kennysheep_dice,
          uniq_grinder, uniq_sigmund
D:6:      layout_basic, minmay_temple_entry_wispy, dk_rats_in_the_wall,
          uniq_eustachio, uniq_edmund
Temple:   eino_temple_scatter_basement

Skill      XL: |  1  2  3  4  5  6  7  8 |
---------------+-------------------------+-----
Shields        | 1 2 3 4 |  4.7
Fighting       | 4 5 6 |  6.8
Unarmed Combat | 4 5 6 |  6.9
Armour         | 1 2 3 |  3.8
Dodging        | |  2.6
Stealth        | |  2.1

Action                   |  1- 3 |  4- 6 |  7- 9 || total
-------------------------+-------+-------+-------++-------
Melee: Unarmed           |   117 |   206 |   191 ||   514
  Use: Scroll            |     1 |       |     2 ||     3
       Potion            |     1 |       |     5 ||     6
 Stab: Sleeping          |     4 |     3 |       ||     7
Armor: Robe              |    27 |    13 |       ||    40
       Chain mail        |       |    30 |   107 ||   137
Dodge: Dodged            |    64 |    49 |    49 ||   162
Block: Kite shield       |    41 |    97 |   156 ||   294

Table legend: (Time is in decaauts)
 A = Elapsed time spent in this place.
 B = Non-inter-level travel time spent in this place.
 C = Inter-level travel time spent in this place.
 D = Time resting spent in this place.
 E = Time spent auto-exploring this place.
 F = Levels seen in this place.
 G = Mean time per level.
                   A        B        C        D        E       F      G
               +--------+--------+--------+--------+--------+-----+--------+
         Total |   6148 |   6013 |    135 |   1358 |   3276 |   7 |  878.3 |
       Dungeon |   5942 |   5820 |    122 |   1358 |   3106 |   6 |  990.3 |
        Temple |    205 |    192 |     13 |      0 |    170 |   1 |  205.0 |
               +--------+--------+--------+--------+--------+-----+--------+

Top non-repeatable levels by time:
     D:4: 1604 daAuts
     D:2: 1147 daAuts
     D:3: 1133 daAuts
     D:1: 861 daAuts
     D:5: 833 daAuts
     D:6: 361 daAuts
  Temple: 205 daAuts
